Map: Altitude LE

Players

A.I. 1 (Very Easy) - Winner!

  • Race: Zerg Zerg
  • Spawn Location: 1:00

Impeccable

  • Race: Terran Terran
  • League: Platinum
  • Spawn Location: 7:00

VOD

Have the link to the VOD?

Description

Time

  • Played on: March 13, 2023, 3:46 p.m.
  • Length: 5:25
Show
View Real Time Build Order
Export as new Build Order

A.I. 1 (Very Easy) Zerg - Winner!

Build Orders: Pool Only 

Get SALT Encoding   

  12  0:01  Drone  
  13  0:12  Overlord  
  13  0:17  Drone  
  14  0:35  Spawning Pool  
  14  0:38  Extractor  
  14  0:39  Drone  
  13  0:46  Drone  
  14  0:52  Overlord  
  14  1:23  Zergling x2, Queen  
  14  1:25  Zergling x2  
  18  1:31  Roach Warren  
  17  1:34  Drone  
  17  1:38  Extractor  
  17  1:43  Drone  
  18  1:48  Zergling x2  
  19  1:55  Drone  
  20  2:06  Drone  
  21  2:16  Drone  
  22  2:27  Drone  
  23  2:30  Overlord  
  23  2:34  Drone  
  24  2:41  Drone  
  25  2:49  Lair  
  25  3:15  Drone  
  26  3:22  Drone  
  27  3:30  Drone  
  28  3:37  Drone  
  29  3:42  Overlord  
  29  3:45  Drone  
  30  3:51  Spire  
  30  3:52  Drone  
  30  3:55  Overseer  
  30  3:58  Overseer  
  30  3:59  Drone  
  31  4:07  Drone  
Show
View Real Time Build Order
Export as new Build Order

Impeccable Terran 

Build Orders: Reaper Expand 

Get SALT Encoding   

  12  0:01  SCV  
  13  0:13  SCV  
  14  0:18  Supply Depot  
  14  0:25  SCV  
  15  0:39  SCV  
  15  0:40  Barracks  
  16  0:46  Refinery  
  16  0:51  SCV  
  17  1:03  SCV  
  18  1:15  SCV  
  19  1:28  Orbital Command  
  19  1:29  Reaper  
  20  1:42  Command Center  
  20  1:54  Refinery  
  20  1:55  SCV  
  20  2:00  Supply Depot  
  21  2:03  Reaper  
  21  2:08  SCV  
  23  2:21  SCV  
  24  2:24  Factory  
  24  2:29  Barracks  
  24  2:35  Barracks Tech Lab  
  24  2:44  Barracks  
  24  2:47  SCV  
  25  2:56  Stimpack  
  25  2:57  Marine  
  26  2:59  SCV  
  26  3:03  Orbital Command  
  27  3:09  Factory Reactor  
  27  3:12  SCV  
  28  3:17  Barracks Reactor  
  28  3:24  SCV  
  29  3:32  Starport  
  29  3:34  SCV  
  29  3:36  SCV  
  29  3:38  Marine  
  32  3:47  Widow Mine x2  
  36  3:49  SCV  
  36  3:50  SCV  
  36  3:52  Barracks Reactor  
  36  3:53  Marine  
  36  3:54  Marine  
  40  4:02  SCV x2  
  42  4:03  Supply Depot  
  42  4:08  Starport Tech Lab  
  42  4:16  Marauder, Marine x2  
  46  4:22  Supply Depot  
  46  4:25  SCV x2  
  46  4:26  Supply Depot  
  48  4:34  Siege Tank  
  48  4:37  SCV x2  
  53  4:40  Refinery x2  
  53  4:43  Medivac  
  53  4:44  Marine x3  
  58  4:50  SCV x2  
  58  4:52  Marine  
  61  4:53  Marine  
  62  5:00  Supply Depot  
  62  5:04  Marine  
  62  5:05  Marine x2  
Tags
 
Add a new tag
Caveats
  • Supply blocks, unpowered buildings, or Contaminate may cause inaccurate times.
  • Supply counts are checked every 10 seconds.